 Dungeon Crawl Stone Soup version 0.28.0-53-g5a82cb258f (webtiles) character file.

Game seed: 15179738679520951201

46 tizbic2 the Chucker (level 3, 0/37 HPs)
             Began as an Ogre Hunter on Aug 6, 2022.
             Succumbed to a kobold's poison
             ... on level 2 of the Dungeon.
             The game lasted 00:06:15 (1875 turns).

tizbic2 the Chucker (Ogre Hunter)                   Turns: 1875, Time: 00:06:16

Health: 0/37       AC:  3    Str: 16    XL:     3   Next: 68%
Magic:  3/3        EV:  9    Int: 14    God:
Gold:   69         SH:  0    Dex:  9    Spells: 2/2 levels left

rFire   . . .      SeeInvis .   f - +3 whip (pain)
rCold   . . .      Faith    .   (no shield)
rNeg    . . .      Spirit   .   b - +0 robe
rPois   .          Reflect  .   (helmet restricted)
rElec   .          Harm     .   (no cloak)
rCorr   .          Rampage  .   (gloves unavailable)
Will    .....                   (boots unavailable)
Stlth   +.........              (no amulet)
HPRegen 0.12/turn               (no ring)
MPRegen 0.08/turn               (no ring)

@: lethally poisoned (0 -> -12), weak-willed
A: large, unfitting armour, tough skin 1
a: no special abilities


You were on level 2 of the Dungeon.
You visited 1 branch of the dungeon, and saw 2 of its levels.

You collected 69 gold pieces.

Inventory:

Hand Weapons
 f - a +3 whip of pain (weapon)
Missiles
 c - 5 large rocks (quivered)
 d - 2 throwing nets
 g - 4 stones
Armour
 b - a +0 robe (worn)
Scrolls
 e - 2 scrolls of teleportation
 h - a scroll of fog {unknown}
 j - 3 scrolls of fear


   Skills:
 + Level 3.5 Fighting
 + Level 1.1 Maces & Flails
 - Level 4.3 Throwing
 - Level 1.7 Dodging
 - Level 0.6 Stealth
 * Level 1.2 Necromancy


You had 2 spell levels left.
You didn't know any spells.
Your spell library contained the following spells:

 Spells                   Type           Power      Damage    Failure   Level
 Slow                     Hex            0%         N/A       28%         1
 Vampiric Draining        Necr           3%         2d6       45%         3
 Confusing Touch          Hex            0%         N/A       65%         3


Dungeon Overview and Level Annotations

Branches:
Dungeon (2/15)

Altars:
Elyvilon


Innate Abilities, Weirdness & Mutations

You are too large for most types of armour.
You have tough skin. (AC +1)


Message History

You open the door.
There is an open door here.
There is an escape hatch in the ceiling here.
Found a white marble altar of Elyvilon.
There is a white marble altar of Elyvilon here.
Found an escape hatch in the floor.
A kobold comes into view. It is wielding a +0 dagger of venom.
The kobold shouts!
The kobold hits you with a +0 dagger of venom.
You are poisoned.
You completely miss the kobold.
You feel very sick.
The kobold hits you with a +0 dagger of venom.
You are more poisoned.
You hit the kobold.
The kobold is severely wounded.
You feel very sick. The kobold hits you but does no damage.
You are lethally poisoned!
You feel very sick.
You closely miss the kobold.
The kobold is severely wounded.
You feel very sick. The kobold hits you but does no damage.
You completely miss the kobold.
The kobold is severely wounded.
* * * LOW HITPOINT WARNING * * *
You feel very sick. The kobold hits you but does no damage.
You are more poisoned.
You hit the kobold.
You kill the kobold!
* * * LOW HITPOINT WARNING * * *
You feel very sick.
You aren't carrying any potions.
* * * LOW HITPOINT WARNING * * *
You feel very sick.
As you read the scroll labelled YPSOST TAKOEZY, it crumbles to dust.
Magic quickly surges around you.
It was a scroll of vulnerability.
You die...

#.##.#.#.# #.#....
.....#.#.# #.#.#.# #
#......#.# #.#.#.# .#.
##....#.#.# #.#.#.# ....
.....#.#.# #.#.#.#
.#...##..#.#.#.###.#.#.#
.......).#.#............
#.#...##..#.#.#.###.#####
#.#... #@.....#..........
##.#...###.#.#######.#####
.......#.............# #
....#.......######### #
#.........########### #
#...................# #
#...........|....# .# # ..
#.#..............# >###
#.# #.#.#..........##.#..


There were no monsters in sight!

Vanquished Creatures
  2 worms (D:2)
  2 dart slugs (D:1)
  6 ball pythons
  A bat (D:2)
  2 endoplasms (D:1)
  A giant cockroach (D:1)
  A hobgoblin (D:2)
  5 jackals
  2 quokkas (D:1)
  3 frilled lizards (D:1)
  3 goblins (D:1)
  3 kobolds
  4 rats
35 creatures vanquished.

Notes
Turn   | Place    | Note
-------+----------+-------------------------------------------
     0 | D:1      | tizbic2 the Ogre Hunter began the quest for the Orb.
     0 | D:1      | Reached XP level 1. HP: 22/22 MP: 1/1
   150 | D:1      | Reached XP level 2. HP: 22/29 MP: 2/2
   878 | D:1      | Reached XP level 3. HP: 25/37 MP: 3/3
  1030 | D:1      | Reached skill level 1 in Maces & Flails
  1093 | D:2      | Reached skill level 1 in Necromancy
  1824 | D:2      | Found a white marble altar of Elyvilon.
  1875 | D:2      | Succumbed to a kobold's poison

Illustrated notes

Levels and vault maps discovered:
D:1:      eino_arrival_cavern_b, layout_basic, minmay_bisected
D:2:      layout_basic, dilly_ecumenical_altar_fadedgnrine, basic_altar,
          minmay_misc_feat_encased

Skill      XL: |  1  2  3 |
---------------+----------+-----
Fighting       | 3 |  3.5
Maces & Flails | 1 |  1.1
Necromancy     | 1 |  1.2
Throwing       | |  4.3
Dodging        | |  1.7
Stealth        | |  0.6

Action                   || total
-------------------------++-------
Melee: Short sword       ||    22
       Whip              ||    91
Throw: Large rock        ||     4
  Use: Scroll            ||     5
Armor: Robe              ||    38
Dodge: Dodged            ||    44
